 Dungeon Crawl Stone Soup version 0.28-a0-998-gb9e9c7b67e (webtiles) character file.

Game seed: 17073151913472571816

136 ytrimaz the Insei (level 5, 0/43 HPs)
             Began as an Octopode Transmuter on Dec 5, 2021.
             Slain by a gnoll (4 damage)
             ... on level 4 of the Dungeon.
             The game lasted 00:04:33 (3799 turns).

ytrimaz the Insei (Octopode Transmuter)             Turns: 3799, Time: 00:04:34

Health: 0/43       AC:  1    Str: 13    XL:     5   Next: 19%
Magic:  8/9        EV: 13    Int: 17    God:
Gold:   85         SH:  0    Dex: 13    Spells: 2/10 levels left

rFire   . . .      SeeInvis .     - Unarmed
rCold   + . .      Faith    .   (no shield)
rNeg    . . .      Spirit   .   (helmet currently unavailable)
rPois   .          Reflect  .   (no amulet)
rElec   .          Harm     .   b - +6 ring of strength
rCorr   .          Rampage  .   (no ring)
Will    .....      Clarity  +   (no ring)
Stlth   ..........              (no ring)
HPRegen 0.14/turn               (no ring)
MPRegen 0.11/turn               (no ring)
                                (no ring)
                                (no ring)

@: berserking, appendages (expiring), very quick
A: tentacle spike 3, almost no armour, amphibious, 8 rings, camouflage 1,
gelatinous body 1, (nimble swimmer 1), tentacles, clarity, cold resistance 1,
frail 1, weak 1
a: End Transformation


You were on level 4 of the Dungeon.
One of your tentacles had grown a beastly spike.
You visited 1 branch of the dungeon, and saw 4 of its levels.

You collected 142 gold pieces.
You spent 57 gold pieces at shops.

Inventory:

Jewellery
 b - a +6 ring of strength (left tentacle)
 f - a ring of wizardry
Potions
 c - a potion of magic
 d - a potion of lignification
 e - a potion of attraction
 g - a potion of ambrosia {unknown}


   Skills:
 - Level 1.0 Fighting
 - Level 2.0 Dodging
 + Level 4.0 Unarmed Combat
 * Level 3.1 Spellcasting
 * Level 3.6 Transmutations


You had 2 spell levels left.
You knew the following spells:

 Your Spells              Type           Power      Damage    Failure   Level
a - Beastly Appendage     Tmut           28%        N/A       4%          1
b - Spider Form           Tmut/Pois      8%         N/A       24%         3
c - Ice Form              Ice/Tmut       8%         N/A       63%         4

Your spell library contained the following spells:

 Spells                   Type           Power      Damage    Failure   Level
 Wereblood                Tmut           14%        N/A       6%          2


Dungeon Overview and Level Annotations

Branches:
Dungeon (4/15)
 Temple: D:4-7

Altars:

Shops:
D:2 ([*[   D:3 *

Annotations:
D:4 Grinder


Innate Abilities, Weirdness & Mutations

One of your tentacles has grown a beastly spike.
You cannot wear most types of armour.
You are amphibious.
You can wear up to eight rings at the same time.
Your skin changes colour to match your surroundings (Stealth+).
Your rubbery body absorbs attacks. (AC +1, EV +1)
((You are camouflaged near water. (Stealth+)))
You have tentacles for arms and can constrict up to eight enemies at once.
You possess an exceptional clarity of mind.
Your flesh is cold resistant. (rC+)
You are frail. (-10% HP)
You are weak. (Str -2)


Message History

The orc wizard shouts!
An orc comes into view. It is wielding a +0 club.
You hear the brisk hiss of a very distant avalanche of sand.
The gnoll shouts!
Found a stone staircase leading down.
A wight comes into view.
It is wielding a +1 great sword of freezing.
Unknown command.
A wight comes into view. It is wielding a +3 halberd.
The kobold hits you with a +0 dagger.
* * * LOW HITPOINT WARNING * * *
The gnoll hits you with a +0 club.
* * * LOW HITPOINT WARNING * * *
Unknown command.
Okay, then.
Unknown command.
Unknown command.
Found 14 gold pieces.
Found 13 gold pieces.
You see here 14 gold pieces.
You hear the brisk hiss of a very distant avalanche of sand.
You see here 13 gold pieces.
Unknown command.
Grinder comes into view.
Unknown command.
Okay, then.
You aren't carrying any scrolls.
Okay, then.
Casting: Beastly Appendage (safe; 4% risk of failure)
Confirm with . or Enter, or press ? or * to list all spells.
One of your tentacles grows a vicious spike.
A red film seems to cover your vision as you go berserk!
You feel yourself moving faster!
You feel mighty!
Your transformation is almost over.
Grinder shouts!
The gnoll hits you with a +0 club.
* * * LOW HITPOINT WARNING * * *
You bludgeon the gnoll!
You kill the gnoll!
The gnoll hits you with a +0 club.
You die...

#.### .. #.#.##
...# #....### ...z
#.5.... ....
##....# ....
#....# ... #...# .
#...# .. # ##@##
#'# # #g# #.# #
#o# #####.#### #K#
#........# #.#
#.##...#.#
#z#######.#......#
#.##.g$.o.K......#
#.##.####.###.##.#
#.$.#.# #.# #.....


You could see Grinder, a wight, a gnoll, an orc and a kobold.

Vanquished Creatures
  2 orc wizards (D:4)
  An adder (D:4)
  A gnoll (D:4)
  A howler monkey skeleton (D:3)
  A worm (D:4)
  2 dart slugs (D:2)
  An orc (D:4)
  2 bats
  6 endoplasms
  2 giant cockroaches (D:2)
  5 goblins
  7 hobgoblins
  6 jackals
  A quokka (D:2)
  4 ball pythons
  3 frilled lizards
  6 kobolds
  2 rats
53 creatures vanquished.

Notes
Turn   | Place    | Note
-------+----------+-------------------------------------------
     0 | D:1      | ytrimaz the Octopode Transmuter began the quest for the
                  | Orb.
     0 | D:1      | Reached XP level 1. HP: 13/13 MP: 3/3
   436 | D:1      | Reached XP level 2. HP: 18/18 MP: 3/5
  1417 | D:2      | Found Hoisu's General Store.
  1741 | D:2      | Reached XP level 3. HP: 21/23 MP: 6/6
  1876 | D:2      | Found Vian's Antique Armour Shop.
  1909 | D:2      | Found Puegev's Antique Weapon Shoppe.
  2420 | D:2      | Found Etwip's Armour Emporium.
  2435 | D:2      | HP: 1/23 [giant cockroach (2)]
  2823 | D:3      | Found Veywuer's Assorted Antiques.
  2835 | D:3      | Bought a scroll labelled PACEWO DEADDYMN for 21 gold pieces
  2835 | D:3      | Bought a viscous cyan potion for 18 gold pieces
  2835 | D:3      | Bought a fizzy pink potion for 18 gold pieces
  2837 | D:3      | Gained mutation: You have hidden genetic defects. [potion
                  | of mutation]
  2837 | D:3      | Gained mutation: You possess an exceptional clarity of
                  | mind. [potion of mutation]
  2837 | D:3      | Gained mutation: Your flesh is cold resistant. (rC+)
                  | [potion of mutation]
  2849 | D:3      | Reached XP level 4. HP: 27/28 MP: 8/8
  3434 | D:4      | Learned a level 3 spell: Spider Form
  3439 | D:4      | Learned a level 4 spell: Ice Form
  3469 | D:4      | Gained mutation: You are weak. (Str -2) [hidden defects]
  3490 | D:4      | Reached XP level 5. HP: 22/33 MP: 4/9
  3492 | D:4      | Gained mutation: You are frail. (-10% HP) [hidden defects]
  3492 | D:4      | Lost mutation: You have hidden genetic defects. [hidden
                  | defects expressed]
  3701 | D:4      | Reached skill level 4 in Unarmed Combat
  3756 | D:4      | HP: 1/29 [gnoll (5)]
  3794 | D:4      | Noticed Grinder
  3799 | D:4      | Slain by a gnoll

Illustrated notes

Levels and vault maps discovered:
D:1:      nicolae_arrival_washed_ashore, layout_basic,
          shapermc_ecumenical_altar_petra
D:2:      minmay_chambers_of_twos, layout_basic, serial_shops,
          nicolae_diamond_shop, shop, shop_statue, nicolae_lakefront_shop
D:3:      layout_loops_ring, serial_shops, nicolae_shop_advertising_works
          [nicolae_subvault_shop_adworks]
D:4:      layout_loops_corners, enter_ossuary_4, hangedman_decor_riveting,
          uniq_grinder

Skill      XL: |  1  2  3  4  5 |
---------------+----------------+-----
Transmutations | 3 |  3.6
Spellcasting   | 3 |  3.1
Unarmed Combat | 4 |  4.0
Fighting       | |  1.0
Dodging        | |  2.0

Action                   |  1- 3 |  4- 6 || total
-------------------------+-------+-------++-------
Melee: Unarmed           |    95 |    37 ||   132
       Constrict         |    25 |     4 ||    29
       Kick              |    19 |     3 ||    22
       Tentacles         |    11 |     3 ||    14
       Punch             |     2 |     1 ||     3
 Cast: Beastly Appendage |    20 |     6 ||    26
       Spider Form       |       |     1 ||     1
  Use: Scroll            |     5 |     4 ||     9
       Potion            |     4 |     2 ||     6
 Stab: Sleeping          |     6 |     2 ||     8
Armor: Skin              |    11 |     2 ||    13
Dodge: Dodged            |    57 |    25 ||    82

Table legend: (Time is in decaauts)
 A = Elapsed time spent in this place.
 B = Non-inter-level travel time spent in this place.
 C = Inter-level travel time spent in this place.
 D = Time resting spent in this place.
 E = Time spent auto-exploring this place.
 F = Levels seen in this place.
 G = Mean time per level.
                   A        B        C        D        E       F      G
               +--------+--------+--------+--------+--------+-----+--------+
         Total |   3771 |   3660 |    111 |     40 |   2960 |   4 |  942.8 |
       Dungeon |   3771 |   3660 |    111 |     40 |   2960 |   4 |  942.8 |
               +--------+--------+--------+--------+--------+-----+--------+

Top non-repeatable levels by time:
     D:1: 1400 daAuts
     D:2: 1340 daAuts
     D:3: 665 daAuts
     D:4: 364 daAuts
